 Dungeon Crawl Stone Soup version 0.32-a0-685-g93135e86f0 (webtiles) character file.

Game seed: 14661952359600001384

4928 warriortoast the Geomancer (level 10, -1/50 HPs)
             Began as a Gargoyle Earth Elementalist on Mar 12, 2024.
             Was a Follower of Hepliaklqana.
             Slain by a yak (9 damage)
             ... on level 8 of the Dungeon.
             The game lasted 00:33:02 (10077 turns).

warriortoast the Geomancer (GrEE)                  Turns: 10077, Time: 00:33:02

Health: -1/50      AC: 15    Str: 18    XL:     10   Next: 52%
Magic:  9/22       EV: 12    Int: 20    God:    Hepliaklqana [*.....]
Gold:   619        SH:  0    Dex: 16    Spells: 17/25 levels left

rFire   . . .        r - +1 club (spect)
rCold   + + .        (no shield)
rNeg    + . .        a - +0 robe
rPois   ∞            (no helmet)
rElec   +            u - +4 cloak of Hukiskov {Dex+3 Slay+2}
rCorr   +            (no gloves)
SInv    +            v - +0 pair of boots
Will    .....        (no amulet)
Stlth   ++           s - ring of Pragmatism {rC++ rCorr Str+6 Dex+3 Slay-5}
HPRegen 0.28/turn    F - ring of see invisible
MPRegen 0.18/turn

%: no passive effects
@: about to teleport, mesmerised
A: reduced essence, sickness immunity, AC +7, negative energy resistance 1,
electricity resistance, torment resistance 1, petrification resistance
a: Renounce Religion, Recall Ancestor, Ancestor Identity


You were on level 8 of the Dungeon.
You worshipped Hepliaklqana.
Hepliaklqana was aware of your devotion.
You visited 2 branches of the dungeon, and saw 9 of its levels.
You also visited: Ossuary.

You collected 619 gold pieces.

Inventory:

Hand Weapons
 h - a +0 short sword
 r - a +1 spectral club (weapon)
Missiles
 o - 14 poisoned darts
Armour
 a - a +0 robe (worn)
 u - the +4 cloak of Hukiskov (worn) {Dex+3 Slay+2}
   (You found it on level 4 of the Dungeon)

   Dex+3:     It affects your dexterity (+3).
   Slay+2:    It affects your accuracy & damage with ranged weapons and melee
   (+2).
 v - a +0 pair of boots (worn)
Jewellery
 s - the ring of Pragmatism (left hand) {rC++ rCorr Str+6 Dex+3 Slay-5}
   (You took it off a goblin on level 4 of the Dungeon)

   [ring of strength]

   Str+6:     It affects your strength (+6).
   Dex+3:     It affects your dexterity (+3).
   Slay-5:    It affects your accuracy & damage with ranged weapons and melee
   (-5).
   rC++:      It greatly protects you from cold.
   rCorr:     It protects you from acid and corrosion.
 F - a ring of see invisible (right hand)
Wands
 q - a wand of flame (18)
 w - a wand of light (5)
Scrolls
 f - a scroll of torment {unknown}
 i - a scroll of enchant weapon
 m - a scroll of summoning {unknown}
 n - 8 scrolls of teleportation
 x - a scroll of noise
 y - 2 scrolls of vulnerability {unknown}
 z - a scroll of poison {unknown}
 A - 3 scrolls of blinking {unknown}
 B - a scroll of acquirement {unknown}
 D - a scroll of amnesia
 G - a scroll of identify
Potions
 b - 2 potions of magic
 c - 2 potions of lignification {unknown}
 d - 3 potions of ambrosia {unknown}
 e - 3 potions of mutation
 g - 2 potions of enlightenment {unknown}
 j - 3 potions of might {unknown}
 k - a potion of cancellation {unknown}
 l - 2 potions of heal wounds {unknown}
 p - a potion of attraction {unknown}
 t - 2 potions of curing
 C - a potion of invisibility {unknown}
 E - 2 potions of berserk rage {unknown}


   Skills:
 + Level 4.1 Fighting
 - Level 1.7 Dodging
 - Level 2.4 Stealth
 + Level 8.3 Spellcasting
 + Level 9.6 Conjurations
 - Level 10.0 Earth Magic


You had 17 spell levels left.
You knew the following spells:

 Your Spells              Type           Power      Damage    Failure   Level
a - Sandblast             Erth           96%        2d20      1%          1
b - Stone Arrow           Conj/Erth      94%        3d12      1%          3
c - Brom's Barrelling Bo  Conj/Erth      47%        2d6       1%          4

Your spell library contained the following spells:

 Spells                   Type           Power      Damage    Failure   Level
 Passwall                 Erth           48%        N/A       1%          3
 Necrotise                Necr           32%        1d5       9%          1
 Petrify                  Alch/Erth      28%        N/A       11%         4
 Gell's Gravitas          Tloc           8%         N/A       24%         3
 Teleport Other           Tloc           8%         N/A       24%         3
 Vampiric Draining        Necr           8%         2d6       24%         3
 Martyr's Knell           Necr/Summ      8%         N/A       63%         4
 Curse of Agony           Necr           8%         N/A       92%         5
 Dispersal                Tloc           4%         N/A       100%        6


Dungeon Overview and Level Annotations

Branches:
Dungeon (8/15)             Temple (1/1) D:7            Lair (0/5) D:8
Ossuary (visited)

Altars:
Ashenzari
Cheibriados
Dithmenos
Elyvilon
Fedhas
Gozag
Hepliaklqana
Kikubaaqudgha
Makhleb
Nemelex Xobeh
Okawaru
Qazlal
Ru
Sif Muna
Trog
Uskayaw
Vehumet
Wu Jian
Xom
Yredelemnul
Zin
The Shining One
Ignis

Shops:
D:2 =

Annotations:
D:8 2 transporters, exclusion: oklob plant, ASSMAN's ghost, novice VSNe; Maggie; Maurice


Innate Abilities, Weirdness & Mutations

Your life essence is reduced to manifest your ancestor. (-10% HP)
You are immune to sickness and miasma.
Your stone body is resilient. (AC +7)
You are immune to poison.
You resist negative energy. (rN+)
You are resistant to electric shocks. (rElec)
You are resistant to unholy torment.
You are immune to petrification.


Message History

Aiming: Stone Arrow (safe; 1% risk of failure)
Press: ? - help, Shift-Dir - straight line, f/p - Maggie
Aim: Maggie, wielding a +0 glaive and wearing +0 acid dragon scales (heavily wounded, mesmerising, 76% to hit)
The stone arrow hits Maggie!
Maggie is severely wounded.
The yak gores Odoworph but does no damage.
The yak barely misses Odoworph.
Maggie barely misses you.
Odoworph hits the yak.
Casting: Stone Arrow (safe; 1% risk of failure)
Confirm with . or Enter, or press ? or * to list all spells.
Aiming: Stone Arrow (safe; 1% risk of failure)
Press: ? - help, Shift-Dir - straight line, f/p - Maggie
Aim: Maggie, wielding a +0 glaive and wearing +0 acid dragon scales (severely wounded, mesmerising, 76% to hit)
The stone arrow misses Maggie.
The stone arrow hits the yak!!
The yak is heavily wounded.
The yak gores Odoworph!
Odoworph is destroyed!
Maggie hits you from afar with a +0 glaive!
Casting: Stone Arrow (safe; 1% risk of failure)
Confirm with . or Enter, or press ? or * to list all spells.
Aiming: Stone Arrow (safe; 1% risk of failure)
Press: ? - help, Shift-Dir - straight line, f/p - Maggie
Aim: Maggie, wielding a +0 glaive and wearing +0 acid dragon scales (severely wounded, mesmerising, 76% to hit)
The stone arrow hits Maggie!!
Maggie is almost dead.
Maggie hits you from afar with a +0 glaive!
* * * LOW HITPOINT WARNING * * *
As you read the scroll of teleportation, it crumbles to dust.
You feel strangely unstable. The yak gores you!
* * * LOW HITPOINT WARNING * * *
Maggie barely misses you.
You feel better. The yak gores you but does no damage. The yak misses you.
Maggie casts a spell.
Maggie draws you further into her thrall.
You feel better. The yak barely misses you. The yak gores you!
* * * LOW HITPOINT WARNING * * *
The yak barely misses you. Maggie hits you but does no damage.
You feel better. The yak gores you!
You die...
Hepliaklqana delivers you to your ancestors.

#~.##......................#
..$?##........#....#.....<##
#..#.#.........)..##.))....#
#..#o#......#.#....#......#
...#.#......#.#..........##
....##....................#
#..##.................##..#
.ß##..###..#........#######
.##..##.#..#...Y@..##...#
##...#........@YYY......#
#.......................#
..........##..##......###
...........#...###.....#
...............YY###...#
..##.#...###...@Y.###.##
..####..##.##...Y.# ###
..#####.... .....##


You could see Maggie (mesmerising) and 4 yaks.

Vanquished Creatures
  Joseph (D:8)
  A troll (D:6)
  Sigmund (D:2)
  6 yaks
  Eustachio (D:5)
  Edmund (D:5)
  A water moccasin (D:6)
  2 black bears (D:7)
  An ice beast (D:6)
  A sky beast (D:6)
  An ogre (D:4)
  4 centaurs
  2 bullfrogs
  A gnoll sergeant (D:5)
  2 scorpions
  7 wights
  9 killer bees
  4 howler monkeys
  2 bombardier beetles
  A centaur skeleton (Ossuary)
  A gnoll bouda (D:7)
  A hound (D:5)
  3 sleepcaps
  A spectral scorpion (Ossuary)
  Ijyb (D:4)
  4 iguanas
  2 orc wizards (D:6)
  A crocodile zombie (Ossuary)
  An ogre skeleton (Ossuary)
  7 mummies (Ossuary)
  17 gnolls
  11 adders
  A shadow imp (D:5)
  4 white imps
  2 ufetubi (D:7)
  4 dart slugs
  A ribbon worm (D:3)
  23 orcs
  9 bats
  6 endoplasms
  4 giant cockroaches
  10 goblins
  6 hobgoblins
  4 quokkas
  5 ball pythons
  2 frilled lizards
  2 gnoll skeletons (Ossuary)
  6 kobolds
  3 kobold skeletons (Ossuary)
  An orc skeleton (Ossuary)
  3 rats
  10 spectral rats (Ossuary)
205 creatures vanquished.

Vanquished Creatures (others)
  An arcanist (D:8)
  2 ancestors (D:8)
3 creatures vanquished.

Grand Total: 208 creatures vanquished

Notes
Turn   | Place    | Note
-------+----------+-------------------------------------------
     0 | D:1      | warriortoast the Gargoyle Earth Elementalist began the
                  | quest for the Orb.
     0 | D:1      | Reached XP level 1. HP: 10/10 MP: 3/3
    86 | D:1      | Reached XP level 2. HP: 15/15 MP: 0/5
   638 | D:1      | Reached skill level 4 in Earth Magic
   834 | D:2      | Reached XP level 3. HP: 19/19 MP: 4/6
  1067 | D:2      | Noticed Sigmund
  1375 | D:3      | Reached XP level 4. HP: 24/24 MP: 6/8
  1825 | D:2      | Found Kistrak's One-of-a-Kind Rings.
  2100 | D:2      | Reached XP level 5. HP: 17/28 MP: 1/9
  2302 | D:2      | Found a shadowy altar of Dithmenos.
  2762 | D:4      | Reached skill level 5 in Earth Magic
  2959 | D:4      | Learned a level 3 spell: Stone Arrow
  2973 | D:4      | Noticed Ijyb
  2986 | D:4      | Killed Ijyb
  3057 | D:4      | Reached XP level 6. HP: 29/32 MP: 8/11
  3192 | D:4      | Found a hide-covered altar of Uskayaw.
  3213 | D:4      | Identified the ring of Pragmatism {rC++ rCorr Str+6 Dex+3
                  | Slay-5}
  3436 | D:4      | Identified the +4 cloak of Hukiskov {Dex+3 Slay+2}
  3726 | D:2      | Killed Sigmund
  3727 | D:2      | Reached skill level 6 in Earth Magic
  3727 | D:2      | Reached XP level 7. HP: 35/36 MP: 8/13
  3900 | D:4      | Found a broken altar of Ashenzari.
  3908 | D:4      | Found a shadowy altar of Dithmenos.
  3910 | D:4      | Found a sparkling altar of Nemelex Xobeh.
  3912 | D:4      | Found an opulent altar of Gozag.
  4096 | D:5      | Entered Level 5 of the Dungeon
  4173 | D:5      | Noticed Edmund
  4254 | D:5      | Reached skill level 5 in Conjurations
  4523 | D:5      | Found a glowing silver altar of Zin.
  4578 | D:5      | Reached skill level 5 in Spellcasting
  4578 | D:5      | Reached skill level 7 in Earth Magic
  4578 | D:5      | Reached XP level 8. HP: 21/41 MP: 2/15
  4900 | D:5      | Noticed Eustachio
  4912 | D:5      | Killed Eustachio
  5545 | D:5      | Killed Edmund
  5820 | D:6      | Reached skill level 8 in Earth Magic
  5963 | D:6      | Noticed a troll
  5971 | D:6      | Killed a troll
  5975 | D:6      | Found a sand-covered staircase.
  5980 | Ossuary  | Entered an ossuary
  6115 | Ossuary  | Reached XP level 9. HP: 45/45 MP: 12/18
  6723 | D:6      | Reached skill level 9 in Earth Magic
  7270 | D:6      | Found an ornate altar of the Wu Jian Council.
  7448 | D:7      | Found a basalt altar of Yredelemnul.
  7606 | D:7      | Found a staircase to the Ecumenical Temple.
  7615 | Temple   | Entered the Ecumenical Temple
  7660 | Temple   | Became a worshipper of Hepliaklqana the Forgotten
  7721 | D:7      | Reached skill level 10 in Earth Magic
  7805 | D:7      | Learned a level 4 spell: Brom's Barrelling Boulder
  7830 | D:7      | Found an iron altar of Okawaru.
  8047 | D:7      | Reached skill level 1 in Fighting
  8047 | D:7      | Reached XP level 10. HP: 14/52 MP: 3/21
  9151 | D:8      | Found a transporter.
  9617 | D:8      | Found a staircase to the Lair.
  9632 | D:8      | Noticed Maurice
  9787 | D:8      | Noticed a manticore
  9798 | D:8      | Reached * piety under Hepliaklqana
  9826 | D:8      | Noticed a cane toad
  9832 | D:8      | Found a transporter.
  9833 | D:8      | Noticed an oklob plant
  9841 | D:8      | Noticed ASSMAN's ghost (novice VSNe)
  9855 | D:8      | Found a bloodstained altar of Trog.
  9878 | D:8      | Noticed a fire crab
  9883 | D:8      | Noticed Joseph
  9894 | D:8      | Killed Joseph
  9994 | D:8      | Noticed a wizard
  9998 | D:8      | Killed a wizard
 10015 | D:8      | Identified the +7 long sword "Backscratcher" {drain, rN+
                  | Str+2}
 10015 | D:8      | Noticed a rakshasa
 10060 | D:8      | Noticed Maggie
 10074 | D:8      | HP: 2/50 [yak (9)]
 10077 | D:8      | Slain by a yak

Illustrated notes

Levels and vault maps discovered:
D:1:      scummos_arrival_star, layout_loops_cross
D:2:      layout_loops_corners, basic_altar, nicolae_shop_unique_rings,
          minmay_unequal, uniq_sigmund
D:3:      layout_basic
D:4:      kennysheep_the_goblin_king, layout_basic, nicolae_uskayaw_dance_hall,
          minitemple, minmay_splitting_lines
D:5:      layout_basic, overflow_temple_1_default, uniq_eustachio, uniq_edmund
D:6:      layout_loops_ring, nicolae_wu_jian_glorious_leap, enter_ossuary_2,
          uniq_duvessa
D:7:      layout_basic, mainiacjoe_overflow_surrounded_room,
          amcnicky_altar_gilded, minmay_temple_entry_poolview,
          hangedman_abyss_or_decor_lesser_grid, centaur_isle
D:8:      layout_cave_pools, trog_wizard, dpeg_oklobed_lair, nzn_ghost_randoct,
          uniq_maggie, uniq_maurice, uniq_joseph
Temple:   ebering_untended_altars

Skill      XL: |  1  2  3  4  5  6  7  8  9 10 |
---------------+-------------------------------+-----
Earth Magic    | 4 5 6 7 8 10 | 10.0
Conjurations   | 2 3 4 5 6 8 9 |  9.6
Spellcasting   | 3 4 5 6 7 8 |  8.3
Fighting       | 1 4 |  4.1
Dodging        | |  1.7
Stealth        | |  2.4

Action                     |  1- 3 |  4- 6 |  7- 9 | 10-12 || total
---------------------------+-------+-------+-------+-------++-------
  Melee: Unarmed           |     8 |       |       |       ||     8
         Short sword       |     2 |    13 |       |       ||    15
         Club              |       |       |     3 |       ||     3
   Cast: Sandblast         |    43 |    96 |   231 |    26 ||   396
         Stone Arrow       |       |       |       |    21 ||    21
  Evoke: Wand              |       |       |     7 |     2 ||     9
    Use: Scroll            |       |       |     7 |     2 ||     9
         Potion            |       |       |       |     3 ||     3
   Stab: Distracted        |       |       |     1 |       ||     1
 Armour: Robe              |    38 |    69 |   111 |    41 ||   259
  Dodge: Dodged            |    43 |    65 |   105 |    27 ||   240

Table legend: (Time is in decaauts)
 A = Elapsed time spent in this place.
 B = Non-inter-level travel time spent in this place.
 C = Inter-level travel time spent in this place.
 D = Time resting spent in this place.
 E = Time spent auto-exploring this place.
 F = Levels seen in this place.
 G = Mean time per level.
                   A        B        C        D        E       F      G
               +--------+--------+--------+--------+--------+-----+--------+
         Total |  10275 |   9938 |    337 |   2167 |   5727 |  10 | 1027.5 |
       Dungeon |   9515 |   9186 |    329 |   2061 |   5279 |   8 | 1189.4 |
        Temple |     54 |     46 |      8 |      0 |      0 |   1 |   54.0 |
       Ossuary |    705 |    705 |      0 |    106 |    448 |   1 |  705.0 |
               +--------+--------+--------+--------+--------+-----+--------+

Top non-repeatable levels by time:
     D:7: 1765 daAuts
     D:5: 1621 daAuts
     D:2: 1355 daAuts
     D:4: 1181 daAuts
     D:6: 1116 daAuts
     D:8: 843 daAuts
     D:3: 838 daAuts
     D:1: 795 daAuts
 Ossuary: 705 daAuts
  Temple: 54 daAuts
